 Dungeon Crawl Stone Soup version 0.16-a0-2179-gb75b79b (webtiles) character file.

35 Medar the Chopper (level 3, 0/28 HPs)
             Began as a Vine Stalker Berserker on Nov 14, 2014.
             Was a Believer of Trog.
             Succumbed to an adder's poison
             ... on level 2 of the Dungeon.
             The game lasted 00:03:42 (963 turns).

Medar the Chopper (Vine Stalker Berserker)           Turns: 963, Time: 00:03:42

Health: 0/28       AC:  3    Str: 25    XL:     3   Next: 33%
Magic:  1/4        EV: 11    Int:  7    God:    Trog [**....]
Gold:   51         SH:  4    Dex: 13    Spells: 0 memorised, 2 levels left

rFire  . . .     SeeInvis .     a - +0 hand axe
rCold  . . .     Clarity  .     b - +0 animal skin
rNeg   . . .     SustAb   .     d - +0 buckler
rPois  .         Gourm    .     (no helmet)
rElec  .         Spirit   +     m - +0 cloak (curse)
rCorr  .         Warding  .     (no gloves)
rMut   .         Stasis   .     (no boots)
MR     .....                    (no amulet)
Stlth  ..........               (no ring)
                                (no ring)

@: berserking, lethally poisoned, very quick, not resistant to hostile
enchantments, extremely unstealthy
A: fangs 2, regeneration 1, magic shield, antimagic bite, no device heal 3, rot
immunity
a: Burn Spellbooks, Berserk, Trog's Hand, Renounce Religion


You were on level 2 of the Dungeon.
You worshipped Trog.
Trog was pleased with you.
You were hungry.

You visited 1 branch of the dungeon, and saw 3 of its levels.

You collected 51 gold pieces.

Inventory:

Hand weapons
 a - a +0 hand axe (weapon)
Armour
 b - a +0 animal skin (worn)
 d - a +0 buckler (worn)
 m - a cursed +0 cloak (worn)
Scrolls
 e - a scroll of noise {unknown}
 f - a scroll of recharging {unknown}
 h - 2 scrolls of identify {unknown}
 j - a scroll of immolation {unknown}
 k - a scroll of remove curse {unknown}
 l - a scroll of blinking {unknown}
Potions
 i - a potion of curing {unknown}
Comestibles
 c - 2 bread rations
 g - 4 chunks of flesh


   Skills:
 - Level 2.6 Fighting
 * Level 3.4 Axes
 - Level 1.5 Armour
 - Level 1.5 Dodging
 + Level 1.4 Shields


You had 2 spell levels left.
You didn't know any spells.

Dungeon Overview and Level Annotations

Branches:
Dungeon (3/15)

Altars:
Qazlal

Annotations:
D:2 Sigmund


Innate Abilities, Weirdness & Mutations

You have extremely sharp teeth.
Your natural rate of healing is unusually fast.
When hurt, damage is shared between your health and your magic reserves.
Your bite disrupts and absorbs the magic of your enemies.
Potions and wands cannot restore your health.
You are immune to rotting.


Message History

You barely miss the adder. You block the adder's attack. The adder bites you.
Use which ability? (? or * to list)
A red film seems to cover your vision as you go berserk!
You feel yourself moving faster!
You feel mighty!
You are feeling hungry.
You feel sick. The adder bites you.
* * * LOW HITPOINT WARNING * * *
You miss the adder. Your bite misses the adder. The adder bites you.
* * * LOW HITPOINT WARNING * * *
You closely miss the adder. The adder bites you.
* * * LOW HITPOINT WARNING * * *
You are lethally poisoned!
The adder poisons you!
You hit the adder.
The adder is moderately wounded.
The adder bites you.
* * * LOW HITPOINT WARNING * * *
You barely miss the adder. Your bite misses the adder.
The adder is moderately wounded.
You die...

#.#...#..........#
#.#)..#.#........###
##.#...#....#####...#
#......###### ###.#
#........# #.###
#...#..#.# #.##.
#...'.g..# ##.##.
#...##S### #.....
#...##@# ##### #.....
#...##.# #...# #.....
#...##.# #...# #.....
#...##.####...#
##....#
######.##.')..+
#...... #.##.#...#
#...... #(...#...+
#.####. ######...#
#.##... #.....#.##.#.


You could see an adder and a hobgoblin.

Vanquished Creatures
  An adder (D:2)
  A giant gecko (D:1)
  4 bats (D:2)
  3 goblins
  4 hobgoblins
  5 kobolds
  A giant newt (D:1)
  6 rats
25 creatures vanquished.

Notes
Turn   | Place    | Note
--------------------------------------------------------------
     0 | D:1      | Medar, the Vine Stalker Berserker, began the quest for the Orb.
     0 | D:1      | Reached XP level 1. HP: 11/11 MP: 1/1
   353 | D:1      | Reached skill level 1 in Shields
   353 | D:1      | Reached XP level 2. HP: 11/16 MP: 3/3
   358 | D:1      | Reached skill level 3 in Axes
   682 | D:2      | Noticed Sigmund
   837 | D:2      | Found a stormy altar of Qazlal.
   863 | D:2      | Acquired Trog's second power
   883 | D:2      | Reached XP level 3. HP: 16/19 MP: 4/4
   962 | D:2      | HP: 1/28 [adder (1)]
   963 | D:2      | Succumbed to an adder's poison

Action                   || total
-------------------------++-------
Melee: Hand axe          ||    75
Invok: Berserk           ||     1
